[Event "*** SCC Grand Prix: Titled Tuesday Blitz"]
[Site "Chess.com"]
[Date "2020.09.08"]
[Round "3"]
[White "Schandenfreude"]
[Black "novocane"]
[Result "1/2-1/2"]
[WhiteElo "2515"]
[BlackElo "2305"]
[TimeControl "180+1"]
[EndTime "10:30:53 PDT"]
[Termination "Game drawn - insufficient material"]

1. Nf3 c5 2. c4 b6 3. g3 Bb7 4. Bg2 e6 5. O-O Nf6 6. b3 Be7 7. Bb2 d6 8. e3 Nbd7 9. Qe2 Qc7 10. Nc3 a6 11. Rac1 O-O 12. d4 Rfe8 13. Rfd1 Rac8 14. Rd2 Bf8 15. Rcd1 Qb8 16. h3 h6 17. Ne1 Bxg2 18. Kxg2 Qb7+ 19. Qf3 Qxf3+ 20. Nxf3 Rb8 21. Ne1 b5 22. cxb5 axb5 23. dxc5 Nxc5 24. Nd3 Nce4 25. Nxe4 Nxe4 26. Rc2 Rec8 27. Rdc1 Rxc2 28. Rxc2 Ra8 29.
Bc1 d5 30. f3 Nd6 31. Bd2 g6 32. Bb4 Nf5 33. Kf2 d4 34. exd4 Nxd4 35. Rd2 Nc6 36. Bxf8 Kxf8 37. Rc2 Nd4 38. Rd2 Nc6 39. Ke3 Ke7 40. Rc2 Kd6 41. f4 e5 42. h4 exf4+ 43.
gxf4 Ne7 44. Ne5 Nd5+ 45. Kf3 g5 46. hxg5 hxg5 47. Nxf7+ Kd7 48. Nxg5 Nb4 49. Rd2+ Ke7 50. Ne4 Rxa2 51. Rxa2 Nxa2 52. Ke3 Nc1 53. Nd2 Kf6 54. Ke4 b4 55. Ke3 Kf5 56. Kf3 Na2 57. Ke3 Nc1 58. Kd4 Nxb3+ 59. Nxb3 Kxf4 60. Kc4 Ke3 61. Kxb4 1/2-1/2

[Event "*** SCC Grand Prix: Titled Tuesday Blitz"]
[Site "Chess.com"]
[Date "2020.09.08"]
[Round "3"]
[White "Grineva_Marianna"]
[Black "hellokostya"]
[Result "0-1"]
[WhiteElo "2223"]
[BlackElo "2494"]
[TimeControl "180+1"]
[EndTime "10:30:53 PDT"]
[Termination "hellokostya won on time"]

1. e4 e5 2. Nf3 Nc6 3. Bb5 a6 4. Ba4 d6 5. O-O Bd7 6. c3 g6 7.
d4 Bg7 8. d5 Nce7 9. Nbd2 h6 10. Re1 f5 11. exf5 gxf5 12. Nf1 Nf6 13. c4 O-O 14.
Bc2 f4 15. N1d2 Bg4 16. Ne4 Nf5 17. h3 Bh5 18. Qd3 Kh8 19. Neg5 e4 20. Nxe4 Bxf3 21.
gxf3 Nd7 22. Bxf4 Qh4 23. Bg3 Qxh3 24. Qf1 Qh5 25. Qg2 Nd4 26. Bd1 Nxf3+ 27. Bxf3 Rxf3 28. Nd2 Rf7 29. Re4 Rg8 30. Rae1 Be5 31. Nf1 Qg6 32. Rh4 Bxg3 33. Nxg3 Ne5 34. Ree4 Nf3+ 35. Kh1 Nxh4 36.
Rxh4 Kh7 37. Kg1 Qb1+ 38. Kh2 Qg6 39. Qe4 Rgf8 40. Kg1 Qxe4 41. Nxe4 Rg7+ 42. Kf1 Rf5 43. Ke2 Re7 44. f3 Kg6 45. Ke3 Rh5 46. Rg4+ Kf7 47.
Kd4 Rh2 48. Rf4+ Kg7 49. b3 Rxa2 50. Rg4+ Kf8 51. Ng3 Rb2 52. Nf5 Rf7 53. Nxh6 Rxf3 54. Rh4 Rd2+ 55. Ke4 Rff2 56. Nf5 Rde2+ 57. Ne3 Rxe3+ 58.
Kxe3 Rb2 59. Rf4+ Ke8 60. Kd4 Rxb3 61. Rh4 a5 62. Rh7 Kd8 63. Rh8+ Kd7 64. Rh7+ Kd8 65. Rh8+ Ke7 66. Rh7+ Kf6 67. Rxc7 a4 68. Rc8 a3 69.
Ra8 Kf5 70. Ra7 b6 71. Ra6 Kf4 72. Ra8 Kf3 0-1

[Event "*** SCC Grand Prix: Titled Tuesday Blitz"]
[Site "Chess.com"]
[Date "2020.09.08"]
[Round "3"]
[White "Deepweb2020"]
[Black "Makswolf200817"]
[Result "1-0"]
[WhiteElo "2225"]
[BlackElo "2408"]
[TimeControl "180+1"]
[EndTime "10:30:54 PDT"]
[Termination "Deepweb2020 won by resignation"]

1. d4 d5 2. c4 e6 3. Nf3 Nf6 4. g3 Bb4+ 5. Bd2 Be7 6. Bg2 O-O 7. O-O Nbd7 8. Qc2 Ne4 9. b3 c6 10. Bf4 f5 11. Nbd2 g5 12. Be5 g4 13. Ne1 Nxe5 14.
dxe5 Nxd2 15. Qxd2 dxc4 16. Qxd8 Rxd8 17. bxc4 Rd2 18. Nd3 Rxe2 19. Rfd1 Kf7 20. Bf1 Re4 21. Rac1 Rd4 22. Nf4 Bc5 23. Nd3 Ba3 24. Rc3 Bf8 25.
Rcc1 Bd7 26. Nf4 c5 27. Bg2 Bc6 28. Bxc6 bxc6 29. Ne2 Re4 30. Nf4 Rxe5 31. Rd7+ Be7 32. Rb1 Re4 33. Rbb7 Re8 34. Rxa7 Rxc4 35. Rdc7 Rc1+ 36.
Kg2 c4 37. Rxc6 e5 38. Nd5 Kf8 39. Rcc7 c3 40. Nxe7 c2 41. Nxf5 Re6 42. Rc8+ Re8 43. Rxe8+ Kxe8 44. Rc7 Kd8 45. Rc3 Kd7 46. Ne3 Rb1 47.
Rxc2 Ra1 48. Nxg4 Ke6 49. Re2 Kf5 50. Nxe5 Rb1 51. Nf3 Rb8 52. Nh4+ Kf6 53. a4 Rb1 54. Ra2 Rb7 55. a5 Ra7 56. a6 Ke6 57. Nf3 Kd6 58. Nd4 Kc5 59. Nf5 Kd5 60. Ne3+ Kc5 61. h4 Kb6 62. g4 Kc5 63. g5 Kd4 64. Kg3 Ke5 65. Kg4 Ke6 66. Nc4 Kf7 67. Ne5+ Ke7 68. Nc6+ Kd6 69.
Nxa7 1-0

[Event "*** SCC Grand Prix: Titled Tuesday Blitz"]
[Site "Chess.com"]
[Date "2020.09.08"]
[Round "3"]
[White "Reader777"]
[Black "Slovak_fighter2000"]
[Result "1-0"]
[WhiteElo "2663"]
[BlackElo "2378"]
[TimeControl "180+1"]
[EndTime "10:30:55 PDT"]
[Termination "Reader777 won on time"]

1. d4 Nf6 2. c4 e6 3. g3 d5 4. Bg2 Bb4+ 5. Nd2 O-O 6. Nf3 b6 7. O-O Bb7 8. a3 Bxd2 9. Nxd2 Nbd7 10. b4 c5 11. Bb2 Rb8 12. cxd5 Bxd5 13. e4 Ba8 14.
Rc1 Qe7 15. Re1 cxd4 16. Bxd4 e5 17. Bb2 Rbc8 18. Nc4 Rfd8 19. Nd6 Rxc1 20. Bxc1 Nf8 21. Nf5 Qe8 22. Qe2 Ne6 23. Bb2 Nd4 24. Nxd4 exd4 25.
Qd3 Qe5 26. f4 Qe6 27. Bxd4 Qd7 28. Rd1 Qe6 29. f5 Qa2 30. Qe3 Qc2 31. Rc1 Qa4 32. Bxf6 gxf6 33. h4 Rd1+ 34. Kh2 Rxc1 35. Qxc1 Kg7 36.
Qc3 Qb5 37. Qf3 Qe5 38. Qg4+ Kh8 39. Qf4 Kg7 40. Qxe5 fxe5 41. g4 h6 42. g5 hxg5 43. hxg5 f6 44. g6 Kh6 45. Kg3 Bc6 46. Kf3 Kg7 47. Ke3 Bb5 48. Kd2 Bc4 49. Kc3 Bb5 50. Kb3 Ba6 51. a4 Bd3 52. Kc3 Be2 53. Kd2 Bc4 54.
Bf3 Kf8 55. Bd1 Kg7 56. Kc3 Bf1 57. Bb3 Kf8 58. Bd5 Bg2 59. a5 Bf1 60. axb6 axb6 61.
Bc4 1-0

[Event "*** SCC Grand Prix: Titled Tuesday Blitz"]
[Site "Chess.com"]
[Date "2020.09.08"]
[Round "3"]
[White "MYMChessAcademy"]
[Black "DIM90"]
[Result "0-1"]
[WhiteElo "2079"]
[BlackElo "2337"]
[TimeControl "180+1"]
[EndTime "10:30:55 PDT"]
[Termination "DIM90 won by checkmate"]

1. e4 e5 2. Nf3 Nf6 3. Nxe5 d6 4. Nf3 Nxe4 5. Qe2 Qe7 6. d3 Nf6 7. Qxe7+ Bxe7 8. Be2 O-O 9. O-O Re8 10. Re1 Bg4 11.
Bg5 Nc6 12. Nc3 h6 13. Bh4 Nb4 14. h3 Nxc2 15. hxg4 Nxa1 16. Rxa1 Nxg4 17. Bxe7 Rxe7 18.
Nd4 c6 19. Bxg4 Rae8 20. Kf1 d5 21. Nf5 Re6 22. Ne2 h5 23. Nf4 hxg4 24. Nxe6 Rxe6 25. Ne3 g3 26. Re1 gxf2 27. Kxf2 g6 28. d4 Re4 29. Rd1 f5 30. Kf3 Kf7 31. g4 Kf6 32. gxf5 gxf5 33. Nc2 Rh4 34. Rg1 Rh2 35. Ne3 Rxb2 36. Rf1 Rxa2 37.
Kg3 Ra3 38. Rxf5+ Kg6 39. Re5 Rd3 40. Kf4 Rxd4+ 41. Kf3 Kf6 42. Re8 Rh4 43. Ng4+ Kg5 44.
Rg8+ Kf5 45. Rf8+ Ke6 46. Re8+ Kd7 47. Nf6+ Kc7 48. Re7+ Kb6 49. Nd7+ Ka5 50. Nc5 b6 51. Rxa7+ Kb4 52. Nd3+ Kb5 53. Ra1 c5 54. Rb1+ Kc6 55. Ne5+ Kc7 56. Rg1 Rh7 57. Kf4 b5 58. Rg6 c4 59. Rc6+ Kb7 60. Rc5 Kb6 61. Rxd5 Rc7 62. Rd6+ Kc5 63. Rd1 b4 64. Rc1 c3 65. Nd3+ Kc4 66. Nb2+ Kb3 67. Nd3 c2 68. Ne1 Kb2 69. Nd3+ Kc3 70. Ne1 b3 71. Ke3 Re7+ 72. Kf2 Rxe1 73.
Rxe1 b2 74. Re3+ Kd4 75. Rb3 b1=Q 76. Rb4+ Qxb4 77. Kg3 Qd2 78. Kf3 c1=Q 79. Kg4 Qg5+ 80. Kh3 Qh1# 0-1

[Event "*** SCC Grand Prix: Titled Tuesday Blitz"]
[Site "Chess.com"]
[Date "2020.09.08"]
[Round "3"]
[White "CrazyMartian"]
[Black "JRenatoMaranhao"]
[Result "1-0"]
[WhiteElo "2308"]
[BlackElo "2016"]
[TimeControl "180+1"]
[EndTime "10:30:55 PDT"]
[Termination "CrazyMartian won by resignation"]

1. d4 c6 2. Bf4 d5 3. e3 Nf6 4. Nd2 Bf5 5. Ngf3 e6 6. Ne5 Nbd7 7. Be2 Nxe5 8. Bxe5 Bd6 9. Nf3 Bxe5 10. Nxe5 Nd7 11. Nf3 O-O 12. O-O Qe7 13. c4 Rfe8 14. Qb3 dxc4 15. Bxc4 b5 16. Bd3 Bxd3 17. Qxd3 e5 18. dxe5 Nxe5 19. Nxe5 Qxe5 20. Qc2 c5 21. b3 Rec8 22.
Rad1 c4 23. bxc4 bxc4 24. Rd4 c3 25. Rfd1 g6 26. g3 Rab8 27. a4 Rb2 28. Qd3 c2 29. Rc1 Qb8 30. Kg2 Qb3 31. Qxb3 Rxb3 32. Rd2 Rb2 33.
Kf3 Ra2 34. Ke2 f5 35. Kd3 Kf7 36. Rdxc2 Rcxc2 37. Rxc2 Rxa4 38. Rc7+ Kf6 39. Rxh7 Ra2 40. f3 a5 41. h4 a4 42. Ra7 Ra3+ 43. Ke2 Ra2+ 44. Kd3 Ra3+ 45. Kd4 Ra2 46. Ra6+ Kf7 47. g4 fxg4 48. fxg4 a3 49. e4 Ra1 50. Ke5 a2 51.
g5 Kf8 52. Ra7 Kg8 53. Ra8+ Kf7 54. Ra7+ Kg8 55. Ke6 Kh8 56. e5 Rf1 57. Ra8+ Kg7 58. Rxa2 Rf4 59. Ra7+ Kf8 60. Kd6 Rxh4 61. e6 Rd4+ 62.
Ke5 Rd1 63. Ra8+ Ke7 64. Ra7+ Ke8 65. Kf6 Rf1+ 66. Kxg6 Rg1 67. Kf6 Rf1+ 68. Kg7 Re1 69. e7 Rxe7+ 70. Rxe7+ 1-0

[Event "*** SCC Grand Prix: Titled Tuesday Blitz"]
[Site "Chess.com"]
[Date "2020.09.08"]
[Round "3"]
[White "Ba_clbaf_osed_ingo_3v21"]
[Black "Sankalp_Gupta2003"]
[Result "1/2-1/2"]
[WhiteElo "2530"]
[BlackElo "2741"]
[TimeControl "180+1"]
[EndTime "10:30:59 PDT"]
[Termination "Game drawn - insufficient material"]

1. Nf3 d5 2. c4 d4 3. b4 f6 4.
e3 e5 5. c5 a5 6. Qa4+ Bd7 7.
b5 Bxc5 8. Bc4 Ne7 9. Ba3 Na6 10. exd4 exd4 11. O-O Nb4 12. d3 c6 13. Nbd2 cxb5 14.
Bxb5 Nec6 15. Rfe1+ Kf8 16. Bxb4 Bxb4 17. Re2 g6 18. a3 Bc3 19. Rc1 Kg7 20. Ne4 Re8 21. Rec2 f5 22. Nxc3 dxc3 23. Rxc3 Qf6 24. d4 Qd6 25. d5 Qxd5 26. Rd3 Qf7 27. Rcd1 Re7 28. Ng5 Qf6 29. Nxh7 Kxh7 30. Rxd7 Re8 31. g3 Kg7 32. Kg2 Ne5 33. R7d6 Re6 34. R6d5 R8e7 35. h3 Nf7 36. Qf4 b6 37. Bd7 Re4 38. Qf3 Ng5 39. Qd3 Re2 40. Rd6 Qb2 41. Rd2 Rxd2 42. Qxd2 Qxd2 43. Rxd2 Ne4 44.
Rd4 Kf6 45. Bb5 Ke5 46. Rd8 Nd6 47. Bc6 Rc7 48. Bf3 Rc3 49. Rg8 Rxa3 50. Rxg6 b5 51.
h4 b4 52. h5 b3 53. h6 b2 54. h7 Nf7 55. Rb6 Ra2 56. Rb7 Nh8 57. Be2 b1=Q 58. f4+ Kf6 59. Rxb1 Rxe2+ 60. Kf3 Re7 61.
Rb5 Rxh7 62. Rxa5 Rg7 63. Ra6+ Kf7 64. Ra7+ Kg6 65. Rxg7+ Kxg7 66. g4 fxg4+ 67. Kxg4 Kf6 68. f5 Nf7 69. Kg3 Nd6 70. Kh2 Nxf5 1/2-1/2

[Event "*** SCC Grand Prix: Titled Tuesday Blitz"]
[Site "Chess.com"]
[Date "2020.09.08"]
[Round "3"]
[White "JonahWillow"]
[Black "Tekushka"]
[Result "1-0"]
[WhiteElo "2693"]
[BlackElo "2411"]
[TimeControl "180+1"]
[EndTime "10:30:59 PDT"]
[Termination "JonahWillow won on time"]

1. e4 e6 2. d4 d5 3. Nd2 Be7 4. e5 c5 5. c3 cxd4 6. cxd4 Qb6 7. Ngf3 Nc6 8. Bd3 Nxd4 9. Nxd4 Qxd4 10. Qe2 Bd7 11. Nb3 Bb4+ 12. Kf1 Qh4 13. g3 Qh3+ 14. Kg1 Nh6 15. Bf4 O-O 16. f3 f6 17. Qg2 Qxg2+ 18.
Kxg2 fxe5 19. Bxe5 Nf7 20. Bd4 e5 21. Bc5 Bxc5 22.
Nxc5 Bc6 23. Ne6 Rfc8 24. Rhe1 Bd7 25. Bf5 g6 26. Bh3 Rc6 27. Nf4 Rc2+ 28. Kg1 Bxh3 29. Nxh3 Rac8 30. b3 R8c3 31. f4 e4 32. Nf2 Rd2 33.
Rad1 Rcc2 34. Rxd2 Rxd2 35. Rc1 e3 36. Ng4 d4 37.
Kf1 Rxa2 38. Rc8+ Kg7 39. Rc7 e2+ 40. Kf2 d3 41. Ne5 Ra1 42. Nxd3 Kf6 43. Rxb7 Nd6 44. Rd7 e1=Q+ 45. Nxe1 Ne4+ 46. Ke2 Nc3+ 47. Kf1 Rb1 48. Rxa7 h5 49. Ra6+ Kf5 50. h3 Ke4 51. Kf2 Rb2+ 52.
Kf1 Rb1 53. Re6+ Kd5 54. Re8 Rxb3 55. Kf2 Rb1 56. Nd3 Kd4 57. Ne5 Rb2+ 58. Kf3 Rb3 59. Rd8+ Kc5 60. Nxg6 Nd5+ 61. Ke4 Re3+ 62. Kf5 Rxg3 63.
Ne5 Rxh3 64. Rh8 Ne3+ 65. Ke6 Ng4 66. Rc8+ Kd4 67. Ng6 Ke4 68. f5 Ke3 69. f6 Nxf6 70. Rc3+ Ke4 71. Rxh3 Ng4 72. Rxh5 1-0

[Event "*** SCC Grand Prix: Titled Tuesday Blitz"]
[Site "Chess.com"]
[Date "2020.09.08"]
[Round "3"]
[White "frederiksvane"]
[Black "Emp3rador"]
[Result "1-0"]
[WhiteElo "2686"]
[BlackElo "2469"]
[TimeControl "180+1"]
[EndTime "10:31:00 PDT"]
[Termination "frederiksvane won by resignation"]

1. e4 e6 2. d4 d5 3. Nd2 dxe4 4.
Nxe4 Nd7 5. Nf3 Ngf6 6. Bd3 Nxe4 7. Bxe4 Nf6 8. Bd3 b6 9. Ne5 Bb7 10. O-O Qd5 11. Nf3 Bd6 12. Qe2 Qh5 13. Ne5 Qxe2 14.
Bxe2 c5 15. Nc4 Be7 16. dxc5 Bxc5 17. Bf4 O-O-O 18. a3 Be4 19. b4 Be7 20. f3 Bd5 21. Ne5 Rhf8 22. c4 Bb7 23. Kf2 Nd7 24. Nd3 Bf6 25.
Rac1 Bd4+ 26. Be3 Bxe3+ 27. Kxe3 Rfe8 28. c5 bxc5 29. bxc5 Ba6 30. Rc3 Kc7 31. Rfc1 Bxd3 32. Bxd3 Ne5 33. Be2 Nc6 34. Bb5 Rd5 35. Rd3 Red8 36.
Rxd5 Rxd5 37. Bd3 h6 38. g4 Re5+ 39. Kf2 g5 40. Rc3 Nd4 41. Rc4 Nb3 42. c6 Nc5 43.
Be4 Nxe4+ 44. fxe4 Ra5 45. Rc3 Ra6 46. Rf3 Kxc6 47. Rxf7 Rxa3 48. Rf6 Kd6 49. Rxh6 a5 50. Rh5 Ra2+ 51. Kg3 Re2 52. Rxg5 Re3+ 53. Kf4 Re2 54. Rxa5 Rxh2 55. Ra6+ Ke7 56. Ke5 Kf7 57. Ra7+ Kg6 58. Kxe6 Rg2 59. Ra8 Kg7 60. Kf5 Rf2+ 61. Kg5 Rb2 62.
Ra7+ Kf8 63. e5 Rb6 64. Kf5 Rh6 65. e6 Ke8 66. g5 Rh1 67. Kf6 Rf1+ 68. Kg7 Re1 69.
g6 Rxe6 70. Kh7 Re2 71. g7 Rh2+ 72. Kg8 Rh1 73. Ra4 Ke7 74. Re4+ Kd7 75. Kf7 Rf1+ 76. Kg6 Rg1+ 77. Kf6 Rf1+ 78. Kg5 Rf7 79. g8=Q 1-0

[Event "*** SCC Grand Prix: Titled Tuesday Blitz"]
[Site "Chess.com"]
[Date "2020.09.08"]
[Round "3"]
[White "jhonnyuribe"]
[Black "Pultis"]
[Result "1-0"]
[WhiteElo "2508"]
[BlackElo "2734"]
[TimeControl "180+1"]
[EndTime "10:31:01 PDT"]
[Termination "jhonnyuribe won by resignation"]

1. d4 Nf6 2. Nf3 g6 3. e3 Bg7 4. Bd3 d5 5. Nbd2 O-O 6. O-O Nbd7 7. c3 Re8 8. e4 e5 9. dxe5 Nxe5 10. Nxe5 Rxe5 11. f4 Re8 12. e5 Ng4 13. Nf3 c6 14.
h3 Qb6+ 15. Nd4 c5 16. hxg4 cxd4 17. Kh1 dxc3 18. bxc3 f6 19. f5 fxe5 20. Rb1 Qd6 21. Be4 Rd8 22. Bg5 Bf6 23. Bxf6 Qxf6 24. Bxd5+ Kg7 25.
fxg6 Qh4+ 26. Kg1 Qxg4 27. Rxb7+ Kxg6 28. Qxg4+ Bxg4 29. Be4+ Kg5 30. Rg7+ Kh4 31. Bxa8 Rxa8 32. Rxh7+ Kg3 33. Re7 Rc8 34. Rc1 Rc5 35. Rxa7 e4 36.
Re7 Rc4 37. a4 Rxa4 38. c4 Bf5 39. c5 Ra2 40. Rc3+ Kf4 41. c6 Ra1+ 42. Kh2 Ra8 43. c7 Rc8 44. Rf7 e3 45. Rc5 e2 46. Rfxf5+ Ke4 47. Rce5+ Kd3 48. Rf3+ Kd4 49. Rxe2 Rxc7 50. Kg3 Rg7+ 51.
Kf2 Kc4 52. Re4+ Kd5 53. Rh4 Ke5 54. Ra3 Rf7+ 55. Ke3 Rb7 56. Ra5+ Kf6 57. Rh6+ Kg7 58. Rah5 Rb3+ 59. Kf2 Rb2+ 60. Kg1 Rb4 61. Rh7+ Kg6 62. R5h6+ Kg5 63. Rh3 Kg6 64. R7h4 Rb1+ 65. Kh2 Kg5 66. Rc4 Kf5 67. Rh5+ Kg6 68. Ra5 Rb6 69. Rg4+ Kf6 70.
Rg8 Kf7 71. Rc8 Rh6+ 72. Kg3 Rg6+ 73. Kf3 Rf6+ 74. Kg4 Kg6 75. Rg8+ Kh7 76. Rgg5 Rf2 77. Ra7+ Kh6 78. Ra6+ Kh7 79. Kh5 Rf7 80. Rb5 Rd7 81.
Rh6+ Kg7 82. g4 Rc7 83. Rg5+ Kf8 84. Rh8+ Kf7 85. Rh7+ Kf6 86. Rxc7 Ke6 87. Rg6+ Ke5 88. Rf7 1-0

[Event "*** SCC Grand Prix: Titled Tuesday Blitz"]
[Site "Chess.com"]
[Date "2020.09.08"]
[Round "3"]
[White "Alexander_Zubov"]
[Black "Elegance_Riks"]
[Result "1-0"]
[WhiteElo "2962"]
[BlackElo "2611"]
[TimeControl "180+1"]
[EndTime "10:31:02 PDT"]
[Termination "Alexander_Zubov won by resignation"]

1. d4 d5 2. c4 e6 3. Nf3 c5 4. cxd5 exd5 5. Nc3 Nc6 6. Bf4 Nf6 7. e3 c4 8. a3 h6 9. Be2 Bd6 10. Ne5 O-O 11. O-O Re8 12. Nxc6 bxc6 13. Bxd6 Qxd6 14. b3 cxb3 15. Qxb3 Be6 16. Qb4 Qc7 17. Rfc1 Rab8 18. Qa4 Rec8 19. Ba6 Rd8 20. h3 Rb6 21. Bf1 Rdb8 22.
Qa5 Nd7 23. Nxd5 Bxd5 24. Qxd5 Nf6 25. Qf3 Qd6 26. a4 Nd5 27. Bc4 Rb2 28. g3 a5 29. Bxd5 cxd5 30. Rc5 Qe6 31. Kg2 R8b3 32. Re1 Ra3 33. Rxa5 Raa2 34. Rf1 Re2 35. Rxd5 Rxe3 36. Qf5 Qxf5 37. Rxf5 Rd3 38. Re1 f6 39. a5 Rxd4 40. Re7 Rda4 41. Ra7 Rb4 42. h4 Kh7 43. h5 Rbb2 44. Rf4 Rb5 45. Rg4 Rg5 46. Rxg5 hxg5 47.
g4 Kh6 48. Ra6 Kh7 49. Kg3 Ra4 50. f3 Kh6 51. Kf2 Kh7 52. Ra8 Ra3 53. Ke2 g6 54. hxg6+ Kxg6 55. a6 Kf7 56. Ra7+ Kg6 57. Ra8 Kg7 58.
Kf2 Kh7 59. Ke2 Kg7 60. Kd2 Rxf3 61. Rc8 Ra3 62. Rc6 Kf7 63. Kc2 Ke7 64. Kb2 Ra4 65.
Kb3 Ra1 66. Kb4 Rb1+ 67. Kc5 Ra1 68. Kb6 Rb1+ 69. Kc7 Ra1 70. Kb7 Rb1+ 71. Rb6 Ra1 72. a7 f5 73. gxf5 g4 74. a8=Q 1-0

[Event "*** SCC Grand Prix: Titled Tuesday Blitz"]
[Site "Chess.com"]
[Date "2020.09.08"]
[Round "3"]
[White "MikeSailer"]
[Black "elegant285"]
[Result "0-1"]
[WhiteElo "2119"]
[BlackElo "2349"]
[TimeControl "180+1"]
[EndTime "10:31:02 PDT"]
[Termination "elegant285 won by checkmate"]

1. d4 Nf6 2. Nf3 e6 3. Bf4 c5 4. e3 Nc6 5. Be2 Qb6 6. Nc3 a6 7. Rb1 d5 8. O-O cxd4 9. Nxd4 Be7 10. Nxc6 bxc6 11. Na4 Qd8 12. c4 O-O 13. Qc2 Bd6 14. Bxd6 Qxd6 15. c5 Qc7 16. Nb6 Ra7 17. b4 e5 18.
Nxc8 Rxc8 19. Qf5 Re8 20. Bd3 e4 21. Be2 Nd7 22. f3 exf3 23. Rxf3 Ne5 24. Rh3 g6 25.
Qg5 Qe7 26. Qh6 f5 27. a3 a5 28. Rg3 axb4 29. axb4 Ra2 30. Bf1 Ng4 31. Qf4 Qe4 32. h3 Qxb1 33. hxg4 fxg4 34. Qxg4 Ra1 35. Rf3 Ra7 36.
Qf4 Rae7 37. Qf6 Qe4 38. Qxc6 Qxb4 39. Qxd5+ Kg7 40. c6 Rc7 41. Bc4 Qe1+ 42. Kh2 Qh4+ 43. Kg1 Qe1+ 44. Kh2 Qh4+ 45. Kg1 Qe7 46. Qd4+ Qe5 47.
Qxe5+ Rxe5 48. Kf2 Rxc6 49. Bd3 Rd5 50. Ke2 Rcd6 51.
Be4 Rd2+ 52. Kf1 Rd1+ 53. Kf2 R6d2+ 54. Kg3 Rg1 55. Rf4 h5 56. Bf3 Re1 57. Re4 Kh6 58. Re6 Kg5 59. Re5+ Kf6 60. Re4 Kf5 61. Rf4+ Kg5 62.
Re4 h4+ 63. Kh3 Rh1# 0-1

[Event "*** SCC Grand Prix: Titled Tuesday Blitz"]
[Site "Chess.com"]
[Date "2020.09.08"]
[Round "3"]
[White "Jumbo"]
[Black "lucachess49"]
[Result "1-0"]
[WhiteElo "2762"]
[BlackElo "2434"]
[TimeControl "180+1"]
[EndTime "10:31:07 PDT"]
[Termination "Jumbo won by checkmate"]

1. d4 Nf6 2. c4 e6 3. g3 d5 4. Bg2 Bb4+ 5. Bd2 Be7 6. Nf3 O-O 7. O-O c6 8. Qc2 Nbd7 9. Rd1 Ne4 10. Be1 f5 11. Nfd2 Ndf6 12. Nf1 Bd7 13. b3 Be8 14. Nc3 Bg6 15. Qb2 Bd6 16. f3 Nxc3 17. Bxc3 h5 18.
e3 h4 19. a4 Qb8 20. Qf2 Nh5 21. Be1 e5 22. dxe5 Bxe5 23. Rac1 Bf7 24. cxd5 Bxd5 25. Rxd5 cxd5 26. f4 Bd6 27. Bxd5+ Kh8 28. Qf3 Nf6 29. Bxb7 Qd8 30. Bxa8 Qxa8 31. Qxa8 Rxa8 32. Bc3 Ne4 33. Bd4 a5 34. gxh4 Rb8 35. Rb1 Kh7 36. Rb2 Ba3 37. Rb1 Be7 38. Kg2 Bxh4 39. Rb2 Be7 40. Ng3 Nd6 41. Be5 g6 42. Kf3 Rb6 43. Bxd6 Bxd6 44.
Rd2 Bc5 45. Rd3 Kg7 46. e4 fxe4+ 47. Nxe4 Be7 48. Kg4 Rb4 49. Nd2 g5 50. Nc4 gxf4 51. Kxf4 Kf6 52. Ke4 Rb8 53. Nxa5 Rb4+ 54. Nc4 Rb8 55.
Rf3+ Ke6 56. Re3 Rh8 57. h3 Rh4+ 58. Kd3+ Kd7 59. Kc3 Bc5 60. Rd3+ Kc7 61. b4 Be7 62. Kb3 Rh5 63. a5 Rh4 64. Re3 Bf8 65. Rf3 Bh6 66. Rf7+ Kc6 67. Rf6+ Kb7 68. b5 Rxh3+ 69.
Kb4 Bc1 70. Rf7+ Kc8 71. b6 Rh4 72. Kb5 Rh5+ 73. Kc6 Rh6+ 74. Nd6+ Kd8 75. Rd7# 1-0

[Event "*** SCC Grand Prix: Titled Tuesday Blitz"]
[Site "Chess.com"]
[Date "2020.09.08"]
[Round "3"]
[White "laboratorio25"]
[Black "sokidze"]
[Result "0-1"]
[WhiteElo "2399"]
[BlackElo "2609"]
[TimeControl "180+1"]
[EndTime "10:31:18 PDT"]
[Termination "sokidze won by resignation"]

1. e4 c5 2. Nf3 Nc6 3. d4 cxd4 4. Nxd4 g6 5. c4 Nf6 6. Nc3 d6 7. Be2 Nxd4 8. Qxd4 Bg7 9. Qd3 O-O 10. Be3 Qa5 11.
O-O Be6 12. Rfc1 Rfc8 13. b3 a6 14. Rab1 Nd7 15. b4 Bxc4 16. Qxc4 Rxc4 17. bxa5 Rxc3 18. Rxc3 Bxc3 19. Rxb7 Nc5 20. Rxe7 Bxa5 21. e5 Ne6 22. exd6 Rd8 23. Bh6 Bb4 24. g3 Bxd6 25. Ra7 Bf8 26. Be3 Bc5 27. Rxa6 Bxe3 28. fxe3 Rd2 29. Kf1 Nc5 30.
Ra8+ Kg7 31. a4 Ra2 32. a5 Ne4 33. a6 Nc3 34. Bc4 Ra4 35. Bd3 Nd5 36. Kf2 Ra2+ 37. Kf3 Ra3 38. Ke4 Nc7 39. Ra7 Ra4+ 40. Kf3 Ne6 41. Rd7 Nc5 42. Rd4 Ra1 43. Be2 Nxa6 44. Rd7 Nc5 45. Rc7 Ne6 46. Rb7 Ra5 47. Kg2 Re5 48.
Kf2 Ng5 49. Bf3 Rf5 50. h4 Nxf3 51. g4 Rf6 52. g5 Rf5 53. e4 Rf4 54. Kg3 Rxe4 55.
Kxf3 Rxh4 56. Kg3 Rh5 57. Rb5 h6 58. gxh6+ Kxh6 59. Rb7 Rf5 60. Rb8 Kg7 61. Rb6 g5 62.
Rb7 Kg6 63. Rb6+ f6 64. Rb8 Ra5 65. Rg8+ Kf5 66. Rb8 Ra3+ 67. Kg2 Kg4 68. Rb4+ Kh5 69. Rb5 Ra4 70. Rf5 Kg6 71. Rb5 f5 72. Rb6+ Kh5 73. Rb3 f4 74. Kf3 g4+ 75. Kg2 Ra2+ 76. Kg1 Kh4 77.
Rc3 f3 78. Rc8 Kg3 79. Rc1 Rg2+ 80. Kh1 Rh2+ 81. Kg1 f2+ 0-1

[Event "*** SCC Grand Prix: Titled Tuesday Blitz"]
[Site "Chess.com"]
[Date "2020.09.08"]
[Round "3"]
[White "SARGISMV"]
[Black "Maghalashvili"]
[Result "1-0"]
[WhiteElo "2503"]
[BlackElo "2733"]
[TimeControl "180+1"]
[EndTime "10:31:23 PDT"]
[Termination "SARGISMV won by resignation"]

1. d4 Nf6 2. Nf3 c5 3. d5 g6 4. c4 Bg7 5. Nc3 O-O 6. e4 e6 7. e5 Ne8 8. Bf4 Qb6 9. Qd2 d6 10. exd6 Nxd6 11. dxe6 Re8 12. Be2 Bxe6 13. Bxd6 Rd8 14. Rd1 Nc6 15. O-O Nd4 16. Nxd4 Bxd4 17. Bg3 Bxf2+ 18. Rxf2 Rxd2 19. Rxd2 Rd8 20. Nd5 Qa5 21.
Bf3 Kf8 22. b3 b5 23. Bc7 Qa3 24. Bxd8 bxc4 25. bxc4 Qc1+ 26. Rd1 Qxc4 27. Ne3 Qc3 28. Bg5 Kg7 29. Be2 f5 30. h4 h6 31. Bf4 Qf6 32. Rd6 Qa1+ 33. Kh2 Kf7 34. Bc4 Bxc4 35. Nxc4 g5 36. hxg5 hxg5 37. Bxg5 Qh8+ 38. Kg3 Qc3+ 39. Ne3 Qg7 40. Kf4 Qc3 41. Rf6+ Kg7 42. Nxf5+ Kg8 43. Rf3 Qc4+ 44. Kg3 Qd5 45. Bf4 Kh7 46. Kg4 Qe4 47.
Rh3+ Kg8 48. Nh6+ Kg7 49. Kg5 Qd5+ 50. Nf5+ Kg8 51. Rh7 Kxh7 52. Rh6+ Kg8 53. Kg6 Qe6+ 54. Kg5 Qd5 55. g4 c4 56. Rg6+ Kf7 57. Rf6+ Ke8 58. Kg6 Qg8+ 59. Kh5 c3 60. Be5 Qh7+ 61. Rh6 Qf7+ 62.
Kg5 Qg8+ 63. Ng7+ Kd7 64. Bxc3 Qc4 65. Be5 Qd5 66. Re6 Qxa2 67. Kf6 Qf2+ 68. Kg6 a5 69. Rf6 Qc2+ 70. Nf5 a4 71. Rf7+ Ke6 72. Bf6 Qc4 73.
Re7+ Kd5 74. g5 Kc6 75. Re5 Qc2 76. Kf7 Kb7 77. g6 a3 78. g7 Qc7+ 79. Re7 a2 80. g8=Q Qxe7+ 81. Kxe7 a1=Q 82. Bxa1 Kc6 83. Qe6+ 1-0

[Event "*** SCC Grand Prix: Titled Tuesday Blitz"]
[Site "Chess.com"]
[Date "2020.09.08"]
[Round "3"]
[White "StellarChessPro"]
[Black "boasovietica"]
[Result "1-0"]
[WhiteElo "2268"]
[BlackElo "2489"]
[TimeControl "180+1"]
[EndTime "10:31:26 PDT"]
[Termination "StellarChessPro won on time"]

1. b3 d5 2. Bb2 Nf6 3. e3 Bf5 4. Nf3 e6 5. Be2 h6 6. O-O Nbd7 7. d3 c6 8. Ne5 Bd6 9. Nxd7 Qxd7 10. f4 Qe7 11.
Nd2 O-O 12. Nf3 Ba3 13. Qc1 Bxb2 14. Qxb2 a5 15. h3 a4 16. b4 a3 17. Qc3 Rfc8 18. Qc5 Qxc5 19. bxc5 Ra5 20. d4 Bxc2 21. Rfc1 Bh7 22.
Nd2 Ne4 23. Nxe4 Bxe4 24. Rc3 Kf8 25. Bd3 Bxd3 26. Rxd3 Ke8 27. Rb1 Ra7 28. Rdb3 Rb8 29. Rc1 Kd8 30. Rcc3 Rba8 31. Kf2 Kc7 32. Ke2 Ra6 33.
Kd3 b6 34. cxb6+ Rxb6 35. Rxb6 Kxb6 36. Rb3+ Kc7 37. Kc3 Ra4 38. Rb4 Ra5 39. Kb3 c5 40. dxc5 Rxc5 41. Ra4 Rc1 42. Ra7+ Kd6 43. Rxf7 g5 44.
Rf6 gxf4 45. exf4 Ke7 46. Rxh6 Rf1 47. g4 Rxf4 48. Kxa3 d4 49. Kb3 d3 50. Kc3 Rd4 51. Kd2 e5 52. Rb6 e4 53. Rb1 Ra4 54. Ra1 Ke6 55.
a3 Ke5 56. Ke3 Rc4 57. Rf1 Ra4 58. Rf5+ Ke6 59. Rf4 Kd6 60. h4 Ke5 61. h5 Kd5 62. h6 Rxa3 63. h7 d2+ 64. Kxd2 Rh3 65. Rf7 Kd4 66. g5 Rh2+ 67. Ke1 e3 68. g6 Kd3 69.
Rd7+ Ke4 70. g7 Rh1+ 71. Ke2 Rh2+ 72. Kd1 e2+ 73. Ke1 Kf3 74. Rf7+ Ke3 75. Re7+ Kf3 76.
g8=Q Rh1+ 77. Kd2 Rd1+ 78. Kc2 1-0